 Dungeon Crawl Stone Soup version 0.29.1-12-g30fa7ad0bf (webtiles) character file.

Game seed: 8688295180981458093

111 safid the Shooter (level 4, -4/41 HPs)
             Began as a Minotaur Hunter on Dec 14, 2022.
             Slain by a sickly merfolk siren
             ... wielding a +0 trident
              (18 damage)
             ... in a sewer.
             The game lasted 00:02:40 (2203 turns).

safid the Shooter (Minotaur Hunter)                 Turns: 2203, Time: 00:02:42

Health: -4/41      AC:  3    Str: 15    XL:     4   Next: 62%
Magic:  3/3        EV: 12    Int:  6    God:
Gold:   194        SH:  0    Dex: 16    Spells: 3/3 levels left

rFire   . . .      SeeInvis .   a - +0 shortbow
rCold   . . .      Faith    .   (shield currently unavailable)
rNeg    . . .      Spirit   .   c - +0 leather armour
rPois   .          Reflect  .   (helmet restricted)
rElec   .          Harm     .   (no cloak)
rCorr   .          Rampage  .   (no gloves)
Will    .....                   (no boots)
Stlth   +.........              (no amulet)
HPRegen 0.13/turn               (no ring)
MPRegen 0.08/turn               (no ring)

@: mesmerised
A: horns 2, retaliatory headbutt
a: no special abilities


You were in a sewer.
You visited 1 branch of the dungeon, and saw 3 of its levels.
You also visited: Sewer.

You collected 194 gold pieces.

Inventory:

Hand Weapons
 a - a +0 shortbow (weapon)
Armour
 c - a +0 leather armour (worn)
Jewellery
 d - a +6 ring of intelligence
 n - a ring of wizardry
Wands
 m - a wand of flame (24)
Scrolls
 b - a scroll of immolation
 f - a scroll of fear {unknown}
 h - a scroll of poison {unknown}
 i - 5 scrolls of identify {unknown}
 k - 2 scrolls of teleportation {unknown}
Potions
 e - a potion of curing {unknown}
 g - a potion of magic {unknown}
 j - 3 potions of brilliance {unknown}
 l - a potion of might {unknown}


   Skills:
 + Level 4.5 Fighting
 + Level 5.6 Ranged Weapons
 - Level 2.1 Dodging
 - Level 0.7 Stealth


You had 3 spell levels left.
You didn't know any spells.
Your spell library contained the following spells:

 Spells                   Type           Power      Damage    Failure   Level
 Gell's Gravitas          Tloc           0%         N/A       88%         3
 Teleport Other           Tloc           0%         N/A       88%         3
 Olgreb's Toxic Radiance  Pois           0%         N/A       99%         4
 Dispersal                Tloc           0%         N/A       100%        6
 Ozocubu's Refrigeration  Ice            0%         4d7       100%        7
 Ignition                 Fire           0%         3d3       100%        8


Dungeon Overview and Level Annotations

Branches:
Dungeon (3/15)              Sewer (1/1)

Altars:


Innate Abilities, Weirdness & Mutations

You have a pair of horns on your head.
You reflexively headbutt those who attack you in melee.


Message History

You shoot an arrow.
The arrow barely misses the sickly merfolk siren.
You feel sick.
You are no longer poisoned.
The sickly merfolk siren chants its luring song.
You shoot an arrow.
The arrow closely misses the sickly merfolk siren.
The sickly merfolk siren chants its luring song.
You shoot an arrow.
The arrow hits the sickly merfolk siren but does no damage.
The sickly merfolk siren chants its luring song.
You shoot an arrow.
The arrow hits the sickly merfolk siren but does no damage.
The sickly merfolk siren chants its luring song. x2
You shoot an arrow.
The arrow hits the sickly merfolk siren but does no damage.
You shoot an arrow.
The arrow hits the sickly merfolk siren.
The sickly merfolk siren is moderately wounded.
The sickly merfolk siren chants its luring song.
You shoot an arrow.
The arrow barely misses the sickly merfolk siren.
The sickly merfolk siren chants its luring song.
You shoot an arrow.
The arrow barely misses the sickly merfolk siren.
The sickly merfolk siren closely misses you.
You shoot an arrow.
The arrow hits the sickly merfolk siren.
The sickly merfolk siren is heavily wounded.
The sickly merfolk siren chants its luring song.
You shoot an arrow.
The arrow hits the sickly merfolk siren.
The sickly merfolk siren is severely wounded.
The sickly merfolk siren chants its luring song.
You shoot an arrow.
The arrow hits the sickly merfolk siren.
The sickly merfolk siren is almost dead.
The sickly merfolk siren hits you from afar with a +0 trident!
The sickly merfolk siren hits you from afar with a +0 trident!!
You die...

## ...# ~~...
~~~...#######
~≈~~~m.@....#
≈≈≈~~~†~~##†#
###~###≈≈≈#.# ..
###≈~†############
$ #≈≈~~~~~†~~~~~~.
##########≈~≈≈≈≈
#########
#∩∩~~~~..
###~~~.##


You could see a sickly merfolk siren (mesmerising).

Vanquished Creatures
  2 river rats
  3 adders
  2 worms
  4 dart slugs
  2 ball pythons (D:1)
  2 endoplasms (D:1)
  2 giant cockroaches
  2 hobgoblins
  5 kobolds
  8 quokkas
  5 bats
  4 frilled lizards
  4 goblins
  15 rats
60 creatures vanquished.

Notes
Turn   | Place    | Note
-------+----------+-------------------------------------------
     0 | D:1      | safid the Minotaur Hunter began the quest for the Orb.
     0 | D:1      | Reached XP level 1. HP: 18/18 MP: 0/0
   163 | D:1      | Reached XP level 2. HP: 26/26 MP: 1/1
  1156 | D:2      | Reached skill level 5 in Ranged Weapons
  1156 | D:2      | Reached XP level 3. HP: 26/31 MP: 2/2
  1286 | D:2      | Found a faded altar of an unknown god.
  2066 | D:3      | Found a glowing drain.
  2075 | D:3      | Reached XP level 4. HP: 40/40 MP: 3/3
  2096 | Sewer    | Entered a sewer
  2203 | Sewer    | Slain by a sickly merfolk siren

Illustrated notes

Levels and vault maps discovered:
D:1:      lightli_molten_gateway, layout_loops_corners, minmay_box_of_dots
D:2:      layout_basic, dreamdust_ecumenical_altar_hidden_monk_grotto,
          hangedman_decor_clover_reticule
D:3:      layout_rooms, cheibrodos_sewer_entry_sluice, kennysheep_generic_room_6
Sewer:    sewer_sea

Skill      XL: |  1  2  3 |
---------------+----------+-----
Fighting       | 3 4 |  4.5
Ranged Weapons | 5 |  5.6
Dodging        | |  2.1
Stealth        | |  0.7

Action                   |  1- 3 |  4- 6 || total
-------------------------+-------+-------++-------
 Fire: Shortbow          |   107 |    57 ||   164
Armor: Leather armour    |     8 |     6 ||    14
Dodge: Dodged            |    21 |     9 ||    30
